AoeStats
← <johnny>bravo

Arena

510421845Analyzed
1v1 RM · 2d ago on Sep 30, 2026· 48m 1s· 2 players
Game mode
Random Map
Map size
Tiny (2 player)
Population
200
Speed
Normal
Resources
Standard
Victory
Conquest
Starting age
Dark Age
Ending age
Imperial Age
RankedLock teamsTeams togetherTeam positionsShared explorationLock speedFull tech treeHidden civsTurbo modeCheats
Victory
Defeat
🇺🇸 Britons · United States
703
+16
🇬🇧 Inca · United Kingdom
698
-34
tomwilmore
8:47 Loom
11:33 Feudal Age
14:39 Double-Bit Axe
16:34 Wheelbarrow
19:39 Castle Age
18:45 Horse Collar
20:14 Padded Archer Armor
20:10 Fletching
22:24 Elite Skirmisher
23:10 Thumb Ring
25:39 Hand Cart
28:40 Bow Saw
29:09 Town Watch
30:44 Town Patrol
32:20 Bodkin Arrow
32:37 Forging
32:27 Scale Mail Armor
33:48 Murder Holes
34:17 Ballistics
34:11 Masonry
34:55 Iron Casting
34:35 Leather Archer Armor
35:08 Andean Sling
36:47 Champi Runner
37:29 Squires
37:14 Arson
37:47 Chain Mail Armor
40:06 Imperial Age
37:52 Heavy Plow
37:42 Gold Mining
41:46 Champi Warrior
45:03 Capped Ram
45:23 Elite Champi Warrior
46:39 Plate Mail Armor
47:09 Blast Furnace
46:41 Ring Archer Armor
46:58 Onager
<johnny>bravo
5:09 Loom
12:09 Feudal Age
16:09 Castle Age
14:18 Double-Bit Axe
14:16 Horse Collar
14:41 Horse Collar
16:15 Wheelbarrow
17:34 Heavy Plow
18:05 Bow Saw
22:15 Stone Mining
22:19 Gold Mining
24:55 Hand Cart
25:58 Gold Shaft Mining
30:55 Imperial Age
28:12 Town Watch
28:39 Fletching
29:06 Fortified Wall
29:33 Bodkin Arrow
29:41 Padded Archer Armor
31:35 Leather Archer Armor
32:38 Two-Man Saw
32:03 Ballistics
31:56 Masonry
32:30 Conscription
32:25 Bracer
32:58 Ring Archer Armor
31:55 Elite Longbowman
34:03 Warwolf
35:10 Chemistry
34:24 Siege Engineers
35:34 Hoardings
36:54 Yeomen
39:09 Forging
39:04 Scale Barding Armor
38:40 Light Cavalry
39:21 Husbandry
40:43 Iron Casting
41:43 Chain Barding Armor
42:57 Blast Furnace
46:35 Architecture
46:02 Murder Holes
45:50 Treadmill Crane
46:47 Plate Barding Armor
46:25 Town Patrol
Connection lost

Rejoining the realm…

Still unreachable

The connection could not be restored.

Session expired

The server has moved on; the page needs a fresh start.